 Dungeon Crawl Stone Soup version 0.29-a0-330-g52719c12eb (webtiles) character file.

Game seed: 5846735800408376464

21 Iscandelvey the Vexing (level 2, 21/21 HPs)
             Began as a Demonspawn Arcane Marksman on Apr 26, 2022.
             Quit the game on level 1 of the Dungeon.
             The game lasted 00:03:17 (824 turns).

Iscandelvey the Vexing (Demonspawn Arcane Marksman)  Turns: 824, Time: 00:03:18

Health: 21/21      AC:  3    Str: 10    XL:     2   Next: 62%
Magic:  4/4        EV: 12    Int: 14    God:
Gold:   59         SH:  0    Dex: 13    Spells: 3/4 levels left

rFire   + . .      SeeInvis .   a - +0 hunting sling
rCold   . . .      Faith    .   (no shield)
rNeg    . . .      Spirit   .   b - +0 robe
rPois   .          Reflect  .   (no helmet)
rElec   .          Harm     .   (no cloak)
rCorr   .          Rampage  .   (no gloves)
Will    .....                   (no boots)
Stlth   +.........              (no amulet)
HPRegen 0.07/turn               h - ring of protection from fire
MPRegen 0.09/turn               (no ring)

@: no status effects
A: sharp scales 1
a: no special abilities


You were on level 1 of the Dungeon.
You visited 1 branch of the dungeon, and saw 2 of its levels.

You collected 59 gold pieces.

Inventory:

Hand Weapons
 a - a +0 hunting sling (weapon)
Armour
 b - a +0 robe (worn)
 j - an orb of mayhem
Jewellery
 h - a ring of protection from fire (left hand)
Scrolls
 c - a scroll of vulnerability
 d - 2 scrolls of identify {unknown}
 g - a scroll of blinking {unknown}
 i - a scroll of enchant armour {unknown}
Potions
 e - a potion of cancellation {unknown}
 f - a potion of curing {unknown}


   Skills:
 - Level 1.0 Fighting
 - Level 1.7(1.8) Slings
 + Level 0.6(1.3) Throwing
 + Level 0.4 Armour
 + Level 1.9 Dodging
 + Level 0.3 Stealth
 * Level 1.5 Spellcasting
 * Level 3.2 Hexes


You had 3 spell levels left.
You knew the following spells:

 Your Spells              Type           Power      Damage    Failure   Level
a - Slow                  Hex            40%        N/A       7%          1

Your spell library contained the following spells:

 Spells                   Type           Power      Damage    Failure   Level
 Inner Flame              Hex/Fire       5%         N/A       36%         3
 Portal Projectile        Hex/Tloc       10%        N/A       36%         3
 Cause Fear               Hex            5%         N/A       54%         4


Dungeon Overview and Level Annotations

Branches:
Dungeon (2/15)

Altars:


Innate Abilities, Weirdness & Mutations

You are partially covered in razor-sharp scales. (AC +1, Slay +1)


Message History

An endoplasm comes into view.
You shoot a sling bullet. The sling bullet hits the endoplasm!
You kill the endoplasm!
A rat comes into view.
You shoot a sling bullet. The sling bullet hits the rat.
You kill the rat!
Found a cloak.
No target in view!
No target in view!
No target in view!
You now have 59 gold pieces (gained 10).
There is a stone staircase leading down here.
You see here a +0 chain mail.
Found a glowing orb.
No target in view!
A frilled lizard comes into view.
You shoot a sling bullet.
The sling bullet hits the frilled lizard.
You kill the frilled lizard!
You see here an orb of mayhem.
A goblin comes into view. It is wielding a +0 club.
You shoot a sling bullet. The sling bullet hits the goblin!
You kill the goblin!
No target in view!
You see here a +0 chain mail.
You enter the shallow water.
Moving in this stuff is going to be slow.
You enter the shallow water.
Moving in this stuff is going to be slow.
You see here a +0 chain mail.
You see here an orb of mayhem.
Found 19 stones.
No target in view!
Found a stone staircase leading down.
You see here an orb of mayhem.
j - an orb of mayhem
Found 12 stones.
Done exploring.
Done exploring.
Are you sure you want to abandon this character and quit the game? (Confirm with "yes".)

######### ###.#.# #
#.......### #.#.# #
#####.....###.#.#
#####.....#.########
##.#...........########
#......######.........
####.....############.
######.......# ##
#####......@...#.## #
#.....####.....#..# #
#..(..# #.######.####
## #....## #.#
#....######. #....#
#.## ####.##.....
#....# #).# #.†..####
#.>..# ##.# #.#.###
#....# #.# #.#...###
#..(.# #.# #.###.)..


There were no monsters in sight!

Vanquished Creatures
  A bat (D:1)
  2 endoplasms (D:1)
  3 giant cockroaches (D:1)
  A goblin (D:1)
  2 jackals (D:2)
  2 ball pythons
  5 frilled lizards
  5 rats
21 creatures vanquished.

Notes
Turn   | Place    | Note
-------+----------+-------------------------------------------
     0 | D:1      | Iscandelvey the Demonspawn Arcane Marksman began the quest
                  | for the Orb.
     0 | D:1      | Reached XP level 1. HP: 15/15 MP: 2/2
    27 | D:1      | Found a faded altar of an unknown god.
    86 | D:1      | You fall into a shaft and drop 1 floor!
   405 | D:2      | Gained mutation: You are partially covered in razor-sharp
                  | scales. (AC +1, Slay +1) [demonic ancestry]
   405 | D:2      | Reached XP level 2. HP: 21/21 MP: 3/3
   824 | D:1      | Quit the game

Illustrated notes

Levels and vault maps discovered:
D:1:      psy_arrival_conway, layout_rooms, ebering_ecumenical_altar_webs
D:2:      layout_basic, serial_shops, nicolae_shop_waterfront, uniq_jessica

Action                   || total
-------------------------++-------
 Fire: Hunting sling     ||    47
 Cast: Slow              ||     2
Armor: Robe              ||     2
Dodge: Dodged            ||    17

Table legend: (Time is in decaauts)
 A = Elapsed time spent in this place.
 B = Non-inter-level travel time spent in this place.
 C = Inter-level travel time spent in this place.
 D = Time resting spent in this place.
 E = Time spent auto-exploring this place.
 F = Levels seen in this place.
 G = Mean time per level.
                   A        B        C        D        E       F      G
               +--------+--------+--------+--------+--------+-----+--------+
         Total |    848 |    707 |    141 |    171 |    392 |   2 |  424.0 |
       Dungeon |    848 |    707 |    141 |    171 |    392 |   2 |  424.0 |
               +--------+--------+--------+--------+--------+-----+--------+

Top non-repeatable levels by time:
     D:1: 493 daAuts
     D:2: 354 daAuts
